Heat vs Condors
Created - November 13, 2023 at 20:19
Goals
|
| Heat |
0 |
2 |
2 |
0 |
4 |
| Condors |
0 |
3 |
1 |
1 |
5 |
|
Shots
|
| Heat |
11 |
13 |
9 |
0 |
33 |
| Condors |
6 |
14 |
9 |
1 |
30 |
|
1st period
No Goal
Penalties :
Ryan McLeod (Bak) for Hooking (Minor) at 8:27
2nd period
1. Condors , Alexandre Carrier 2 (Patrik Laine 12, Nick Shore 11) at 4:12 (PP)
2. Condors , Taro Hirose 4 (Connor Hurley 3, Kailer Yamamoto 5) at 5:06
3. Heat , Peter Cehlarik 7 (Erik Brannstrom 7) at 8:49
4. Condors , Patrik Laine 4 (Adam Erne 8, Nick Shore 12) at 9:05
5. Heat , Nico Sturm 7 (Christian Jaros 1, Peter Cehlarik 9) at 16:17
Penalties :
Barclay Goodrow (Sto) for Tripping (Minor) at 3:49
3rd period
6. Heat , John Gilmour 1 (Vitali Kravtsov 1, Brandon Hickey 4) at 5:08
7. Heat , Ryan Spooner 7 (Jesper Bratt 8) at 10:12
8. Condors , Patrik Laine 5 (Nick Shore 13) at 19:24
Penalties :
Brandon Hickey (Sto) for Tripping (Minor) at 0:23, Zac Leslie (Bak) for Roughing (Minor) at 5:11, Jordan Subban (Bak) for Interference (Minor) at 5:31, Brandon Hickey (Sto) for Interference (Minor) at 19:59
Overtime #1
9. Condors , Adam Erne 11 (Alexandre Carrier 9) at 0:11 (PP)
Penalties :
No Penalty
Goalie Stats
Michael Hutchinson (Sto), 25 saves from 30 shots - (0.833), OTL, 5-6-3, 60:11 minutes
Garret Sparks (Bak), 29 saves from 33 shots - (0.879), W, 6-4-0, 59:44 minutes
Players Stats for Heat
Player Name G A P +/- PIM S H SB GA TA FO MP PP MP PK MP
------------------------------------------------------------------------------------
Barclay Goodrow 0 0 0 0 2 3 1 1 0 0 0/1 19:48 0:04 1:21
Brandon Hickey 0 1 1 1 4 0 0 0 0 2 0/0 16:20 0:00 0:00
Christian Jaros 0 1 1 0 0 0 1 1 0 0 0/0 18:53 1:38 0:40
Dominik Masin 0 0 0 0 0 1 2 1 0 0 0/0 23:47 1:03 1:53
Eric Karlsson 0 0 0 -1 0 2 3 0 0 0 0/0 13:10 0:04 0:35
Erik Brannstrom 0 1 1 1 0 2 1 0 1 0 0/0 22:57 2:40 0:00
Frank Corrado 0 0 0 0 0 2 5 2 1 2 0/0 25:00 2:40 1:53
Jesper Bratt 0 1 1 1 0 5 4 0 1 0 0/0 16:49 2:33 0:26
John Gilmour 1 0 1 1 0 2 2 0 0 1 0/1 9:53 0:35 0:00
Nico Sturm 1 0 1 0 0 2 3 2 0 0 9/25 20:43 2:33 0:26
Peter Cehlarik 1 1 2 0 0 4 4 0 2 1 5/11 20:01 0:04 1:44
Petteri Lindbohm 0 0 0 0 0 0 1 0 0 0 0/0 12:52 0:00 0:40
Ryan Donato 0 0 0 -1 0 4 0 0 0 1 3/4 14:06 1:41 0:12
Ryan Spooner 1 0 1 1 0 2 3 0 2 0 6/9 15:28 1:41 0:11
Tage Thompson 0 0 0 -1 0 1 1 0 0 0 0/1 14:28 2:33 0:00
Taylor Raddysh 0 0 0 1 0 1 2 0 0 0 0/0 15:17 1:41 0:00
Vitali Kravtsov 0 1 1 1 0 2 0 0 0 0 0/0 9:18 0:00 0:00
Vladislav Kamenev 0 0 0 1 0 0 0 0 0 0 3/4 9:18 0:00 0:00
Players Stats for Condors
Player Name G A P +/- PIM S H SB GA TA FO MP PP MP PK MP
------------------------------------------------------------------------------------
Adam Erne 1 1 2 0 0 4 1 0 1 1 5/8 25:07 1:43 2:17
Alexander Alexeyev 0 0 0 0 0 0 0 0 0 0 0/0 5:45 0:00 1:06
Alexandre Carrier 1 1 2 1 0 3 1 1 2 1 0/0 23:12 1:44 2:52
C.J. Smith 0 0 0 1 0 2 0 0 0 0 0/1 9:59 0:00 1:03
Connor Hurley 0 1 1 0 0 1 2 0 2 0 1/2 12:57 0:00 0:00
Emil Djuse 0 0 0 1 0 0 0 0 0 0 0/0 13:13 0:00 0:09
Gustav Olofsson 0 0 0 -3 0 0 1 0 0 1 0/0 19:44 0:38 1:26
Jason Robertson 0 0 0 -2 0 2 4 0 0 1 1/3 17:20 0:39 0:33
Jordan Subban 0 0 0 1 2 0 0 2 0 0 0/0 13:09 0:00 0:19
Kailer Yamamoto 0 1 1 -2 0 1 3 0 0 1 0/0 16:37 0:39 0:00
Nick Shore 0 3 3 1 0 3 3 0 0 1 15/26 20:59 1:43 1:55
Patrik Laine 2 1 3 1 0 5 3 1 1 0 1/3 18:31 1:43 0:00
Phil McRae 0 0 0 -2 0 3 2 0 0 0 5/9 17:09 0:39 0:33
Philippe Myers 0 0 0 -3 0 1 1 1 1 1 0/0 19:35 0:38 1:17
Pontus Holmberg 0 0 0 0 0 0 0 0 0 0 0/0 13:42 0:00 0:00
Ryan McLeod 0 0 0 0 2 0 0 0 0 0 2/4 7:34 0:00 0:00
Taro Hirose 1 0 1 0 0 3 0 0 0 0 0/0 14:21 0:00 0:28
Zac Leslie 0 0 0 1 2 2 1 1 0 0 0/0 25:50 1:44 1:34
3 Stars
1 - Patrik Laine (Bak)
2 - Nick Shore (Bak)
3 - Alexandre Carrier (Bak)
Power Play
Heat - 0 on 3 Attempt(s) - 0.00%
Condors - 2 on 3 Attempt(s) - 66.67%
Penalty Kill
Heat - 1 on 3 Attempt(s) - 33.33%
- Score 0 goal in Penalty Kill
Condors - 3 on 3 Attempt(s) - 100.00%
- Score 0 goal in Penalty Kill
Team Stat
Heat - Hits : 33 - Faceoff Wins : 26 - Blocked Shots : 7 - Penalty Minutes : 6
Condors - Hits : 22 - Faceoff Wins : 30 - Blocked Shots : 6 - Penalty Minutes : 6
Official
Referees : Kevin Pollock and Jon McIsaac
Linesman : Tony Sericolo and Shandor Alphonso
Game Notes
6:52 of 2nd period - Heat goal is going for a video replay. After video review, No Goal. The puck has entered the net after making contact with an attacking player’s stick that is above the height of the crossbar.
Finance
Level 1 -- Attendance: 1930 (96.50%) -- Ticket Income $135,100
Level 2 -- Attendance: 1000 (100.00%) -- Ticket Income $40,000
Total Attendance: 2930 (97.67%)
Total Ticket Income: $175,100
Other Income: $8,755
Total Income: $183,855
Heat
5 vs 5 Forward
Center Left Wing Right Wing Time % Phy DF OF
1 Nico Sturm Peter Cehlarik Barclay Goodrow 40 1 2 2
2 Ryan Spooner Jesper Bratt Taylor Raddysh 30 1 2 2
3 Ryan Donato Eric Karlsson Tage Thompson 20 1 2 2
4 Vladislav Kamenev Vitali Kravtsov John Gilmour 10 1 2 2
5 vs 5 Defense
Defense Defense Time % Phy DF OF
1 Erik Brannstrom Frank Corrado 40 1 2 2
2 Dominik Masin Christian Jaros 30 1 2 2
3 Petteri Lindbohm Brandon Hickey 20 1 2 2
4 Dominik Masin Brandon Hickey 10 1 2 2
PowerPlay Forward
Center Left Wing Right Wing Time % Phy DF OF
1 Nico Sturm Jesper Bratt Tage Thompson 60 1 2 2
2 Ryan Spooner Ryan Donato Taylor Raddysh 40 1 2 2
PowerPlay Defense
Defense Defense Time % Phy DF OF
1 Erik Brannstrom Frank Corrado 60 1 2 2
2 Dominik Masin Christian Jaros 40 1 2 2
Penalty Kill 4 Players Forward
Center Wing Time % Phy DF OF
1 Peter Cehlarik Barclay Goodrow 60 1 2 2
2 Nico Sturm Jesper Bratt 40 1 2 2
Penalty Kill 4 Players Defense
Defense Defense Time % Phy DF OF
1 Dominik Masin Frank Corrado 60 1 2 2
2 Petteri Lindbohm Brandon Hickey 40 1 2 2
Penalty Kill - 3 Players Forward
Forward Time % Phy DF OF
1 Ryan Spooner 60 1 2 2
2 Barclay Goodrow 40 1 2 2
Penalty Kill - 3 Players Defense
Defense Defense Time % Phy DF OF
1 Dominik Masin Frank Corrado 60 1 2 2
2 Petteri Lindbohm Brandon Hickey 40 1 2 2
4 vs 4 Forward
Center Wing Time % Phy DF OF
1 Nico Sturm Jesper Bratt 60 1 2 2
2 Ryan Spooner Barclay Goodrow 40 1 2 2
4 vs 4 Defense
Defense Defense Time % Phy DF OF
1 Erik Brannstrom Frank Corrado 60 1 2 2
2 Dominik Masin Christian Jaros 40 1 2 2
Last Minutes Offensive
Center Left Wing Right Wing Defense Defense
Nico Sturm Jesper Bratt Barclay Goodrow Erik Brannstrom Frank Corrado
Last Minutes Defensive
Center Left Wing Right Wing Defense Defense
Nico Sturm Peter Cehlarik Barclay Goodrow Dominik Masin Frank Corrado
Goaltenders
Starting : Michael Hutchinson
Backup : Vitek Vanecek
Extra Forwards
Normal : Jesper Bratt, Peter Cehlarik, Barclay Goodrow - PP : Peter Cehlarik, Eric Karlsson - PK : Peter Cehlarik
Extra Defensemen
Normal : Dominik Masin, Brandon Hickey, Christian Jaros - PP : John Gilmour - PK : Brandon Hickey, Christian Jaros
Penalty Shots
Jesper Bratt, Ryan Donato, Peter Cehlarik, Vitali Kravtsov, Ryan Spooner
Custom OT Lines Forwards
Peter Cehlarik, Barclay Goodrow, Nico Sturm, Jesper Bratt, Ryan Spooner, Eric Karlsson, Ryan Donato, Tage Thompson, Vladislav Kamenev, Taylor Raddysh
Custom OT Lines Defensemen
Erik Brannstrom, Frank Corrado, Dominik Masin, Brandon Hickey, John Gilmour
Scratches
Filip Hallander (Healthy), Skyler Brind'Amour (Healthy), Evgeny Svechnikov (Suspend), Darren Raddysh (Healthy), Tim Berni (Healthy)
Rasmus Andersson (Healthy), Ivan Chekhovich (Healthy), Trevor Carrick (Healthy), Radim Zohorna (Healthy), Demetrios Koumontzis (Healthy)
Joel Hofer (Healthy), Collin Delia (Healthy)
Condors
5 vs 5 Forward
Center Left Wing Right Wing Time % Phy DF OF
1 Nick Shore Adam Erne Patrik Laine 40 1 2 2
2 Phil McRae Jason Robertson Kailer Yamamoto 30 1 2 2
3 Connor Hurley Taro Hirose Pontus Holmberg 20 1 2 2
4 Ryan McLeod C.J. Smith Adam Erne 10 1 2 2
5 vs 5 Defense
Defense Defense Time % Phy DF OF
1 Zac Leslie Alexandre Carrier 40 1 2 2
2 Philippe Myers Gustav Olofsson 30 1 2 2
3 Emil Djuse Jordan Subban 20 1 2 2
4 Alexander Alexeyev Zac Leslie 10 1 2 2
PowerPlay Forward
Center Left Wing Right Wing Time % Phy DF OF
1 Nick Shore Adam Erne Patrik Laine 60 1 2 2
2 Phil McRae Jason Robertson Kailer Yamamoto 40 1 2 2
PowerPlay Defense
Defense Defense Time % Phy DF OF
1 Zac Leslie Alexandre Carrier 60 1 2 2
2 Philippe Myers Gustav Olofsson 40 1 2 2
Penalty Kill 4 Players Forward
Center Wing Time % Phy DF OF
1 Adam Erne Nick Shore 60 1 2 2
2 Phil McRae Jason Robertson 40 1 2 2
Penalty Kill 4 Players Defense
Defense Defense Time % Phy DF OF
1 Zac Leslie Alexandre Carrier 60 1 2 2
2 Philippe Myers Gustav Olofsson 40 1 2 2
Penalty Kill - 3 Players Forward
Forward Time % Phy DF OF
1 Adam Erne 60 1 2 2
2 Nick Shore 40 1 2 2
Penalty Kill - 3 Players Defense
Defense Defense Time % Phy DF OF
1 Zac Leslie Alexandre Carrier 60 1 2 2
2 Philippe Myers Gustav Olofsson 40 1 2 2
4 vs 4 Forward
Center Wing Time % Phy DF OF
1 Adam Erne Nick Shore 60 1 2 2
2 Phil McRae Jason Robertson 40 1 2 2
4 vs 4 Defense
Defense Defense Time % Phy DF OF
1 Zac Leslie Alexandre Carrier 60 1 2 2
2 Philippe Myers Gustav Olofsson 40 1 2 2
Last Minutes Offensive
Center Left Wing Right Wing Defense Defense
Nick Shore Adam Erne Patrik Laine Zac Leslie Alexandre Carrier
Last Minutes Defensive
Center Left Wing Right Wing Defense Defense
Nick Shore Adam Erne Patrik Laine Zac Leslie Alexandre Carrier
Goaltenders
Starting : Garret Sparks
Backup : Stuart Skinner
Extra Forwards
Normal : Taro Hirose, Connor Hurley, C.J. Smith - PP : Taro Hirose, Connor Hurley - PK : C.J. Smith
Extra Defensemen
Normal : Emil Djuse, Jordan Subban, Alexander Alexeyev - PP : Emil Djuse - PK : Jordan Subban, Alexander Alexeyev
Penalty Shots
Adam Erne, Nick Shore, Phil McRae, Jason Robertson, Patrik Laine
Custom OT Lines Forwards
Adam Erne, Nick Shore, Phil McRae, Jason Robertson, Patrik Laine, Kailer Yamamoto, Taro Hirose, Connor Hurley, C.J. Smith, Pontus Holmberg
Custom OT Lines Defensemen
Zac Leslie, Alexandre Carrier, Philippe Myers, Gustav Olofsson, Emil Djuse
Scratches
Brett Lernout (Fractured Metatarsal (Left Foot) Injury), Cole Cassels (Healthy), Colin White (Healthy), Semyon Der-Arguchintsev (Healthy), Jeremy Gregoire (Healthy)
Robin Salo (Healthy), Filip Kral (Healthy), Remi Elie (Healthy), Filip Johansson (Healthy), Kiefer Sherwood (Strained Left Knee Injury)
Nikolai Knyzhov (Healthy), Lucas Johansen (Healthy), Cole Fonstad (Healthy), Jack Perbix (Healthy), Jaxson Stauber (Healthy)
% Time on Ice - Heat
Lines # - Real PCT - Wanted PCT - Time Play
Normal Forward
1 - 34% - 40% - 17:51
2 - 26% - 30% - 13:36
3 - 23% - 20% - 11:55
4 - 18% - 10% - 9:18
Normal Defense
1 - 39% - 40% - 20:40
2 - 30% - 30% - 15:42
3 - 23% - 20% - 12:12
4 - 8% - 10% - 4:06
PP Forward
1 - 61% - 60% - 2:37
2 - 39% - 40% - 1:41
PP Defense
1 - 62% - 60% - 2:40
2 - 38% - 40% - 1:38
PK Forward
1 - 82% - 60% - 1:56
2 - 18% - 40% - 0:26
PK Defense
1 - 72% - 60% - 1:42
2 - 28% - 40% - 0:40
PK3 Forward
1 - 100% - 60% - 0:11
2 - 0% - 40% - 0:00
PK3 Defense
1 - 100% - 60% - 0:11
2 - 0% - 40% - 0:00
44 Forward
1 - 0% - 60%
2 - 0% - 40%
44 Defense
1 - 0% - 60%
2 - 0% - 40%
Last Minute Offensive - 0:00
Last Minute Defensive - 0:40
Total
Forward - 60:11
Defense - 60:11
|
% Time on Ice - Condors
Lines # - Real PCT - Wanted PCT - Time Play
Normal Forward
1 - 32% - 40% - 16:44
2 - 32% - 30% - 17:03
3 - 22% - 20% - 11:44
4 - 14% - 10% - 7:09
Normal Defense
1 - 35% - 40% - 18:23
2 - 32% - 30% - 17:02
3 - 24% - 20% - 12:50
4 - 8% - 10% - 4:25
PP Forward
1 - 73% - 60% - 1:43
2 - 27% - 40% - 0:39
PP Defense
1 - 73% - 60% - 1:44
2 - 27% - 40% - 0:38
PK Forward
1 - 79% - 60% - 2:06
2 - 21% - 40% - 0:33
PK Defense
1 - 72% - 60% - 1:54
2 - 28% - 40% - 0:45
PK3 Forward
1 - 75% - 60% - 1:14
2 - 25% - 40% - 0:25
PK3 Defense
1 - 68% - 60% - 1:07
2 - 32% - 40% - 0:32
44 Forward
1 - 100% - 60% - 0:11
2 - 0% - 40% - 0:00
44 Defense
1 - 100% - 60% - 0:11
2 - 0% - 40% - 0:00
Last Minute Offensive - 0:40
Last Minute Defensive - 0:00
Total
Forward - 60:11
Defense - 60:11
|
Play-by-Play
1st period
0:01 of 1st period - Nico Sturm wins face-off versus Nick Shore in neutral zone.
0:04 of 1st period - Alexandre Carrier is hit by Nico Sturm and loses puck.
0:15 of 1st period - Snap shot by Barclay Goodrow.
0:15 of 1st period - Shot Blocked by Zac Leslie.
0:25 of 1st period - Alexandre Carrier is hit by Tage Thompson and loses puck.
0:57 of 1st period - Tage Thompson is hit by Philippe Myers and loses puck.
1:12 of 1st period - Wrist shot by Eric Karlsson.
1:12 of 1st period - Stopped by Garret Sparks without a rebound.
1:13 of 1st period - Phil McRae wins face-off versus Ryan Spooner in Condors zone.
1:13 of 1st period - Phil McRae is hit by Jesper Bratt.
1:23 of 1st period - Taylor Raddysh is hit by Jason Robertson and loses puck.
2:08 of 1st period - Off-side.
2:09 of 1st period - Ryan Spooner wins face-off versus C.J. Smith in neutral zone.
2:32 of 1st period - Alexander Alexeyev is hit by Frank Corrado and loses puck.
2:39 of 1st period - Slapshot by Peter Cehlarik.
2:39 of 1st period - Shot Misses the Net.
2:41 of 1st period - Snap shot by Barclay Goodrow.
2:41 of 1st period - Stopped by Garret Sparks with a rebound.
2:43 of 1st period - Slapshot by Barclay Goodrow.
2:43 of 1st period - Stopped by Garret Sparks with a rebound.
3:46 of 1st period - Snap shot by Peter Cehlarik.
3:46 of 1st period - Stopped by Garret Sparks without a rebound.
3:47 of 1st period - Connor Hurley wins face-off versus Nico Sturm in Condors zone.
4:31 of 1st period - Zac Leslie is hit by John Gilmour and loses puck.
4:36 of 1st period - Slapshot by Erik Brannstrom.
4:36 of 1st period - Shot Blocked by Patrik Laine.
4:58 of 1st period - Snap shot by Taro Hirose.
4:58 of 1st period - Shot Blocked by Frank Corrado.
5:00 of 1st period - Snap shot by Zac Leslie.
5:00 of 1st period - Shot Misses the Net.
5:34 of 1st period - Slapshot by Ryan Spooner.
5:34 of 1st period - Shot Misses the Net.
6:11 of 1st period - Slapshot by Dominik Masin.
6:11 of 1st period - Shot Misses the Net.
6:13 of 1st period - Snap shot by Eric Karlsson.
6:13 of 1st period - Stopped by Garret Sparks with a rebound.
6:15 of 1st period - Wrist shot by Eric Karlsson.
6:15 of 1st period - Deflect By Ryan Donato.
6:15 of 1st period - Stopped by Garret Sparks without a rebound.
6:16 of 1st period - Phil McRae wins face-off versus Nico Sturm in Condors zone.
6:41 of 1st period - Jordan Subban is hit by Jesper Bratt and loses puck.
6:46 of 1st period - Snap shot by Jesper Bratt.
6:46 of 1st period - Shot Misses the Net.
7:00 of 1st period - Wrist shot by Patrik Laine.
7:00 of 1st period - Deflect By Petteri Lindbohm.
7:00 of 1st period - Shot Misses the Net.
7:00 of 1st period - Puck is out of play.
7:01 of 1st period - Ryan Donato wins face-off versus Nick Shore in Heat zone.
7:11 of 1st period - Zac Leslie is hit by Eric Karlsson and loses puck.
7:28 of 1st period - Snap shot by Adam Erne.
7:28 of 1st period - Shot Blocked by Barclay Goodrow.
7:30 of 1st period - Slapshot by Zac Leslie.
7:30 of 1st period - Shot Blocked by Dominik Masin.
7:32 of 1st period - Slapshot by Zac Leslie.
7:32 of 1st period - Shot Blocked by Nico Sturm.
7:34 of 1st period - Snap shot by Phil McRae.
7:34 of 1st period - Stopped by Michael Hutchinson with a rebound.
7:36 of 1st period - Snap shot by Phil McRae.
7:36 of 1st period - Shot Misses the Net.
8:27 of 1st period - Minor Penalty to Ryan McLeod for Hooking.
8:28 of 1st period - Adam Erne wins face-off versus Nico Sturm in Condors zone.
9:00 of 1st period - Alexandre Carrier is hit by Frank Corrado.
9:10 of 1st period - Phil McRae is hit by Taylor Raddysh and loses puck.
10:27 of 1st period - Penalty to Ryan McLeod is over, Ryan McLeod is back on ice.
11:17 of 1st period - Slapshot by Phil McRae.
11:17 of 1st period - Shot Misses the Net.
11:19 of 1st period - Wrist shot by Phil McRae.
11:19 of 1st period - Shot Misses the Net.
12:31 of 1st period - Emil Djuse is hit by Christian Jaros and loses puck.
13:18 of 1st period - Brandon Hickey is hit by Nick Shore and loses puck.
13:33 of 1st period - Snap shot by Ryan Donato.
13:33 of 1st period - Stopped by Garret Sparks without a rebound.
13:34 of 1st period - Ryan Donato wins face-off versus Ryan McLeod in Condors zone.
13:56 of 1st period - Gustav Olofsson is hit by Nico Sturm and loses puck.
14:05 of 1st period - Wrist shot by Connor Hurley.
14:05 of 1st period - Stopped by Michael Hutchinson with a rebound.
14:26 of 1st period - Wrist shot by Ryan Spooner.
14:26 of 1st period - Deflect By Jesper Bratt.
14:26 of 1st period - Stopped by Garret Sparks with a rebound.
14:38 of 1st period - Slapshot by Taro Hirose.
14:38 of 1st period - Shot Misses the Net.
14:52 of 1st period - Wrist shot by Jason Robertson.
14:52 of 1st period - Stopped by Michael Hutchinson without a rebound.
14:53 of 1st period - Phil McRae wins face-off versus Ryan Donato in Heat zone.
14:54 of 1st period - Snap shot by Kailer Yamamoto.
14:54 of 1st period - Shot Misses the Net.
15:34 of 1st period - Snap shot by Kailer Yamamoto.
15:34 of 1st period - Stopped by Michael Hutchinson without a rebound.
15:35 of 1st period - Ryan Spooner wins face-off versus Nick Shore in Heat zone.
15:42 of 1st period - Snap shot by Jesper Bratt.
15:42 of 1st period - Stopped by Garret Sparks with a rebound.
16:05 of 1st period - Slapshot by Nico Sturm.
16:05 of 1st period - Shot Misses the Net.
16:28 of 1st period - Alexandre Carrier is hit by Eric Karlsson and loses puck.
16:43 of 1st period - John Gilmour is hit by Phil McRae and loses puck.
17:02 of 1st period - Snap shot by Nick Shore.
17:02 of 1st period - Shot Misses the Net.
17:04 of 1st period - Wrist shot by Adam Erne.
17:04 of 1st period - Shot Misses the Net.
17:06 of 1st period - Slapshot by Zac Leslie.
17:06 of 1st period - Shot Misses the Net.
17:34 of 1st period - Eric Karlsson is hit by Nick Shore and loses puck.
17:53 of 1st period - Off-side.
17:54 of 1st period - Ryan McLeod wins face-off versus Ryan Spooner in neutral zone.
18:01 of 1st period - Wrist shot by Jesper Bratt.
18:01 of 1st period - Stopped by Garret Sparks without a rebound.
18:02 of 1st period - Nico Sturm wins face-off versus Ryan McLeod in Condors zone.
18:53 of 1st period - Snap shot by Jason Robertson.
18:53 of 1st period - Stopped by Michael Hutchinson with a rebound.
18:59 of 1st period - Phil McRae is hit by Ryan Spooner and loses puck.
19:10 of 1st period - Snap shot by Taro Hirose.
19:10 of 1st period - Stopped by Michael Hutchinson without a rebound.
19:11 of 1st period - Nico Sturm wins face-off versus Connor Hurley in Heat zone.
19:20 of 1st period - Wrist shot by Peter Cehlarik.
19:20 of 1st period - Stopped by Garret Sparks with a rebound.
19:37 of 1st period - Peter Cehlarik is hit by Jason Robertson and loses puck.
19:46 of 1st period - Backhand shot by Kailer Yamamoto.
19:46 of 1st period - Shot Blocked by Christian Jaros.
19:58 of 1st period - Snap shot by Jesper Bratt.
19:58 of 1st period - Shot Blocked by Jordan Subban.
Goals for this period are 0 for Heat vs 0 for Condors.
Shots for this period are 11 for Heat vs 6 for Condors.
2nd period
0:01 of 2nd period - Nick Shore wins face-off versus Nico Sturm in neutral zone.
1:05 of 2nd period - Snap shot by Vladislav Kamenev.
1:05 of 2nd period - Shot Misses the Net.
1:21 of 2nd period - Wrist shot by Barclay Goodrow.
1:21 of 2nd period - Shot Misses the Net.
1:39 of 2nd period - Ryan Spooner is hit by Adam Erne and loses puck.
1:44 of 2nd period - Slapshot by Adam Erne.
1:44 of 2nd period - Deflect By C.J. Smith.
1:44 of 2nd period - Stopped by Michael Hutchinson with a rebound.
2:00 of 2nd period - Eric Karlsson is hit by Connor Hurley and loses puck.
2:18 of 2nd period - Snap shot by Nick Shore.
2:18 of 2nd period - Stopped by Michael Hutchinson without a rebound.
2:19 of 2nd period - Vladislav Kamenev wins face-off versus Patrik Laine in Heat zone.
2:42 of 2nd period - Frank Corrado is hit by Kailer Yamamoto and loses puck.
3:18 of 2nd period - Snap shot by Nick Shore.
3:18 of 2nd period - Stopped by Michael Hutchinson without a rebound.
3:19 of 2nd period - Ryan Donato wins face-off versus Nick Shore in Heat zone.
3:28 of 2nd period - Wrist shot by Tage Thompson.
3:28 of 2nd period - Shot Blocked by Alexandre Carrier.
3:30 of 2nd period - Snap shot by Ryan Donato.
3:30 of 2nd period - Stopped by Garret Sparks without a rebound.
3:31 of 2nd period - Nico Sturm wins face-off versus Nick Shore in Condors zone.
3:38 of 2nd period - Snap shot by Barclay Goodrow.
3:38 of 2nd period - Shot Misses the Net.
3:49 of 2nd period - Minor Penalty to Barclay Goodrow for Tripping.
3:50 of 2nd period - Peter Cehlarik wins face-off versus Nick Shore in Heat zone.
4:04 of 2nd period - Wrist shot by Patrik Laine.
4:04 of 2nd period - Stopped by Michael Hutchinson without a rebound.
4:05 of 2nd period - Adam Erne wins face-off versus Peter Cehlarik in Heat zone.
4:08 of 2nd period - Slapshot by Alexandre Carrier.
4:08 of 2nd period - Stopped by Michael Hutchinson without a rebound.
4:09 of 2nd period - Nick Shore wins face-off versus Peter Cehlarik in Heat zone.
4:10 of 2nd period - Wrist shot by Patrik Laine.
4:10 of 2nd period - Shot Misses the Net.
4:12 of 2nd period - Wrist shot by Alexandre Carrier.
4:12 of 2nd period - Goal by Alexandre Carrier - Heat : 0 - Condors : 1.
4:13 of 2nd period - Nick Shore wins face-off versus Nico Sturm in neutral zone.
4:38 of 2nd period - Alexandre Carrier is hit by Jesper Bratt.
4:42 of 2nd period - Slapshot by Zac Leslie.
4:42 of 2nd period - Shot Misses the Net.
5:04 of 2nd period - Snap shot by Taro Hirose.
5:04 of 2nd period - Stopped by Michael Hutchinson with a rebound.
5:06 of 2nd period - Slapshot by Taro Hirose.
5:06 of 2nd period - Goal by Taro Hirose - Heat : 0 - Condors : 2.
5:07 of 2nd period - Patrik Laine wins face-off versus Nico Sturm in neutral zone.
5:12 of 2nd period - Slapshot by Nick Shore.
5:12 of 2nd period - Shot Blocked by Nico Sturm.
5:14 of 2nd period - Slapshot by Zac Leslie.
5:14 of 2nd period - Deflect By Frank Corrado.
5:14 of 2nd period - Stopped by Michael Hutchinson with a rebound.
5:18 of 2nd period - Slapshot by Nick Shore.
5:18 of 2nd period - Stopped by Michael Hutchinson without a rebound.
5:19 of 2nd period - Nick Shore wins face-off versus Nico Sturm in Heat zone.
5:24 of 2nd period - Snap shot by Adam Erne.
5:24 of 2nd period - Stopped by Michael Hutchinson with a rebound.
5:26 of 2nd period - Snap shot by Adam Erne.
5:26 of 2nd period - Shot Misses the Net.
5:44 of 2nd period - Phil McRae is hit by Frank Corrado and loses puck.
6:05 of 2nd period - Wrist shot by Eric Karlsson.
6:05 of 2nd period - Shot Misses the Net.
6:07 of 2nd period - Snap shot by Tage Thompson.
6:07 of 2nd period - Stopped by Garret Sparks with a rebound.
6:09 of 2nd period - Slapshot by Ryan Donato.
6:09 of 2nd period - Stopped by Garret Sparks without a rebound.
6:10 of 2nd period - Nick Shore wins face-off versus Peter Cehlarik in Condors zone.
6:10 of 2nd period - Nick Shore is hit by Nico Sturm.
6:24 of 2nd period - Patrik Laine is hit by Peter Cehlarik and loses puck.
6:44 of 2nd period - Slapshot by Ryan Spooner.
6:44 of 2nd period - Deflect By Taylor Raddysh.
6:44 of 2nd period - Shot Misses the Net.
6:44 of 2nd period - Puck is out of play.
6:45 of 2nd period - Ryan Spooner wins face-off versus Phil McRae in Condors zone.
6:50 of 2nd period - Slapshot by Erik Brannstrom.
6:50 of 2nd period - Shot Misses the Net.
6:52 of 2nd period - Wrist shot by Ryan Spooner.
6:52 of 2nd period - Heat goal is going for a video replay.
6:52 of 2nd period - The goal is refused. The puck has entered the net after making contact with an attacking player’s stick that is above the height of the crossbar..
6:53 of 2nd period - Ryan Spooner wins face-off versus Jason Robertson in Condors zone.
6:58 of 2nd period - Snap shot by Erik Brannstrom.
6:58 of 2nd period - Stopped by Garret Sparks with a rebound.
7:00 of 2nd period - Snap shot by Ryan Spooner.
7:00 of 2nd period - Shot Blocked by Jordan Subban.
7:02 of 2nd period - Slapshot by Frank Corrado.
7:02 of 2nd period - Shot Misses the Net.
7:04 of 2nd period - Slapshot by Taylor Raddysh.
7:04 of 2nd period - Stopped by Garret Sparks with a rebound.
8:35 of 2nd period - Snap shot by Nico Sturm.
8:35 of 2nd period - Shot Misses the Net.
8:37 of 2nd period - Wrist shot by Barclay Goodrow.
8:37 of 2nd period - Stopped by Garret Sparks with a rebound.
8:39 of 2nd period - Snap shot by Nico Sturm.
8:39 of 2nd period - Stopped by Garret Sparks without a rebound.
8:40 of 2nd period - Phil McRae wins face-off versus Nico Sturm in Condors zone.
8:49 of 2nd period - Snap shot by Peter Cehlarik.
8:49 of 2nd period - Goal by Peter Cehlarik - Heat : 1 - Condors : 2.
8:50 of 2nd period - Nick Shore wins face-off versus Nico Sturm in neutral zone.
8:59 of 2nd period - Snap shot by Nick Shore.
8:59 of 2nd period - Shot Blocked by Frank Corrado.
9:05 of 2nd period - Snap shot by Adam Erne.
9:05 of 2nd period - Deflect By Patrik Laine.
9:05 of 2nd period - Goal by Patrik Laine - Heat : 1 - Condors : 3.
9:06 of 2nd period - Nico Sturm wins face-off versus Nick Shore in neutral zone.
9:42 of 2nd period - Snap shot by Phil McRae.
9:42 of 2nd period - Stopped by Michael Hutchinson without a rebound.
9:43 of 2nd period - Jason Robertson wins face-off versus Ryan Spooner in Heat zone.
10:48 of 2nd period - Phil McRae is hit by Frank Corrado and loses puck.
11:27 of 2nd period - Wrist shot by Peter Cehlarik.
11:27 of 2nd period - Stopped by Garret Sparks with a rebound.
11:29 of 2nd period - Slapshot by Frank Corrado.
11:29 of 2nd period - Stopped by Garret Sparks without a rebound.
11:30 of 2nd period - Ryan Spooner wins face-off versus Phil McRae in Condors zone.
11:39 of 2nd period - Christian Jaros is hit by Jason Robertson.
12:16 of 2nd period - Eric Karlsson is hit by Patrik Laine.
13:28 of 2nd period - Jesper Bratt is hit by Kailer Yamamoto and loses puck.
14:12 of 2nd period - Taro Hirose is hit by Barclay Goodrow and loses puck.
14:21 of 2nd period - Ryan McLeod is hit by Peter Cehlarik and loses puck.
15:55 of 2nd period - Off-side.
15:56 of 2nd period - Ryan McLeod wins face-off versus Peter Cehlarik in neutral zone.
16:04 of 2nd period - Slapshot by Adam Erne.
16:04 of 2nd period - Deflect By Ryan McLeod.
16:04 of 2nd period - Shot Misses the Net.
16:04 of 2nd period - Puck is out of play.
16:05 of 2nd period - Peter Cehlarik wins face-off versus Phil McRae in Heat zone.
16:05 of 2nd period - Peter Cehlarik is hit by Phil McRae.
16:15 of 2nd period - Snap shot by Peter Cehlarik.
16:15 of 2nd period - Shot Blocked by Philippe Myers.
16:17 of 2nd period - Slapshot by Christian Jaros.
16:17 of 2nd period - Deflect By Nico Sturm.
16:17 of 2nd period - Goal by Nico Sturm - Heat : 2 - Condors : 3.
16:18 of 2nd period - Nick Shore wins face-off versus Nico Sturm in neutral zone.
16:23 of 2nd period - Snap shot by Adam Erne.
16:23 of 2nd period - Stopped by Michael Hutchinson with a rebound.
17:08 of 2nd period - Ryan Spooner is hit by Jason Robertson and loses puck.
17:52 of 2nd period - Nico Sturm is hit by Kailer Yamamoto and loses puck.
18:40 of 2nd period - Adam Erne is hit by Frank Corrado and loses puck.
19:13 of 2nd period - Phil McRae is hit by Ryan Spooner and loses puck.
19:18 of 2nd period - Snap shot by Jesper Bratt.
19:18 of 2nd period - Stopped by Garret Sparks with a rebound.
Goals for this period are 2 for Heat vs 3 for Condors.
Shots for this period are 13 for Heat vs 14 for Condors.
3rd period
0:01 of 3rd period - Nick Shore wins face-off versus Nico Sturm in neutral zone.
0:04 of 3rd period - Slapshot by Zac Leslie.
0:04 of 3rd period - Deflect By Patrik Laine.
0:04 of 3rd period - Shot Misses the Net.
0:04 of 3rd period - Puck is out of play.
0:05 of 3rd period - Nick Shore wins face-off versus Nico Sturm in Heat zone.
0:16 of 3rd period - Wrist shot by Adam Erne.
0:16 of 3rd period - Stopped by Michael Hutchinson without a rebound.
0:17 of 3rd period - Nick Shore wins face-off versus Peter Cehlarik in Heat zone.
0:23 of 3rd period - Minor Penalty to Brandon Hickey for Tripping.
0:24 of 3rd period - Nick Shore wins face-off versus Peter Cehlarik in Heat zone.
0:35 of 3rd period - Icing by Zac Leslie.
0:36 of 3rd period - Peter Cehlarik wins face-off versus Nick Shore in Condors zone.
0:53 of 3rd period - Peter Cehlarik is hit by Alexandre Carrier and loses puck.
0:58 of 3rd period - Wrist shot by Adam Erne.
0:58 of 3rd period - Shot Misses the Net.
1:02 of 3rd period - Wrist shot by Nick Shore.
1:02 of 3rd period - Shot Misses the Net.
1:04 of 3rd period - Slapshot by Zac Leslie.
1:04 of 3rd period - Deflect By Peter Cehlarik.
1:04 of 3rd period - Stopped by Michael Hutchinson without a rebound.
1:05 of 3rd period - Peter Cehlarik wins face-off versus Jason Robertson in Heat zone.
1:18 of 3rd period - Snap shot by Philippe Myers.
1:18 of 3rd period - Stopped by Michael Hutchinson with a rebound.
1:20 of 3rd period - Slapshot by Philippe Myers.
1:20 of 3rd period - Shot Misses the Net.
1:32 of 3rd period - Snap shot by Patrik Laine.
1:32 of 3rd period - Stopped by Michael Hutchinson with a rebound.
2:23 of 3rd period - Penalty to Brandon Hickey is over, Brandon Hickey is back on ice.
3:40 of 3rd period - Phil McRae is hit by Peter Cehlarik and loses puck.
4:15 of 3rd period - Zac Leslie is hit by Dominik Masin and loses puck.
4:27 of 3rd period - Icing by Brandon Hickey.
4:28 of 3rd period - Vladislav Kamenev wins face-off versus Nick Shore in Heat zone.
4:28 of 3rd period - Vladislav Kamenev is hit by Patrik Laine.
4:40 of 3rd period - Wrist shot by Patrik Laine.
4:40 of 3rd period - Stopped by Michael Hutchinson with a rebound.
4:42 of 3rd period - Snap shot by C.J. Smith.
4:42 of 3rd period - Stopped by Michael Hutchinson with a rebound.
4:49 of 3rd period - Icing by Brandon Hickey.
4:50 of 3rd period - Phil McRae wins face-off versus Vladislav Kamenev in Heat zone.
4:57 of 3rd period - Alexandre Carrier is hit by John Gilmour and loses puck.
5:08 of 3rd period - Wrist shot by John Gilmour.
5:08 of 3rd period - Goal by John Gilmour - Heat : 3 - Condors : 3.
5:09 of 3rd period - Nick Shore wins face-off versus Nico Sturm in neutral zone.
5:11 of 3rd period - Minor Penalty to Zac Leslie for Roughing.
5:12 of 3rd period - Adam Erne wins face-off versus Tage Thompson in Condors zone.
5:24 of 3rd period - Wrist shot by Jesper Bratt.
5:24 of 3rd period - Stopped by Garret Sparks without a rebound.
5:25 of 3rd period - Nico Sturm wins face-off versus Adam Erne in Condors zone.
5:31 of 3rd period - Minor Penalty to Jordan Subban for Interference.
5:32 of 3rd period - Adam Erne wins face-off versus Nico Sturm in Condors zone.
5:36 of 3rd period - Slapshot by Alexandre Carrier.
5:36 of 3rd period - Stopped by Michael Hutchinson without a rebound.
5:37 of 3rd period - Nico Sturm wins face-off versus Adam Erne in Heat zone.
5:46 of 3rd period - Adam Erne is hit by Erik Brannstrom and loses puck.
6:59 of 3rd period - Nick Shore is hit by Ryan Spooner and loses puck.
7:11 of 3rd period - Penalty to Zac Leslie is over, Zac Leslie is back on ice.
7:31 of 3rd period - Penalty to Jordan Subban is over, Jordan Subban is back on ice.
8:11 of 3rd period - Icing by Brandon Hickey.
8:12 of 3rd period - Adam Erne wins face-off versus Nico Sturm in Heat zone.
8:35 of 3rd period - Wrist shot by Phil McRae.
8:35 of 3rd period - Stopped by Michael Hutchinson with a rebound.
9:01 of 3rd period - Icing by Petteri Lindbohm.
9:02 of 3rd period - Nick Shore wins face-off versus John Gilmour in Heat zone.
9:15 of 3rd period - Wrist shot by Vitali Kravtsov.
9:15 of 3rd period - Stopped by Garret Sparks without a rebound.
9:16 of 3rd period - Nico Sturm wins face-off versus Nick Shore in Condors zone.
9:17 of 3rd period - Snap shot by Peter Cehlarik.
9:17 of 3rd period - Shot Misses the Net.
9:43 of 3rd period - Kailer Yamamoto is hit by Dominik Masin and loses puck.
10:12 of 3rd period - Snap shot by Ryan Spooner.
10:12 of 3rd period - Goal by Ryan Spooner - Heat : 4 - Condors : 3.
10:13 of 3rd period - Nick Shore wins face-off versus Nico Sturm in neutral zone.
10:39 of 3rd period - Jason Robertson is hit by Taylor Raddysh and loses puck.
10:46 of 3rd period - Ryan Spooner is hit by Gustav Olofsson and loses puck.
11:08 of 3rd period - Frank Corrado is hit by Connor Hurley and loses puck.
11:21 of 3rd period - Slapshot by Erik Brannstrom.
11:21 of 3rd period - Stopped by Garret Sparks without a rebound.
11:22 of 3rd period - Vladislav Kamenev wins face-off versus Nick Shore in Condors zone.
11:33 of 3rd period - Wrist shot by John Gilmour.
11:33 of 3rd period - Stopped by Garret Sparks with a rebound.
11:35 of 3rd period - Wrist shot by Vitali Kravtsov.
11:35 of 3rd period - Stopped by Garret Sparks with a rebound.
11:37 of 3rd period - Slapshot by Dominik Masin.
11:37 of 3rd period - Stopped by Garret Sparks without a rebound.
11:38 of 3rd period - Nico Sturm wins face-off versus Phil McRae in Condors zone.
12:38 of 3rd period - Taylor Raddysh is hit by Nick Shore.
13:28 of 3rd period - Slapshot by Peter Cehlarik.
13:28 of 3rd period - Shot Misses the Net.
14:04 of 3rd period - Slapshot by Frank Corrado.
14:04 of 3rd period - Stopped by Garret Sparks with a rebound.
14:16 of 3rd period - Eric Karlsson is hit by Zac Leslie and loses puck.
15:23 of 3rd period - Jason Robertson is hit by Eric Karlsson and loses puck.
15:54 of 3rd period - Phil McRae is hit by Petteri Lindbohm and loses puck.
16:22 of 3rd period - Gustav Olofsson is hit by Peter Cehlarik and loses puck.
17:39 of 3rd period - C.J. Smith is hit by Jesper Bratt and loses puck.
18:35 of 3rd period - Nico Sturm is hit by Patrik Laine and loses puck.
18:57 of 3rd period - Condors, Garret Sparks is pulled from the net.
19:22 of 3rd period - Icing by Dominik Masin.
19:23 of 3rd period - Nick Shore wins face-off versus Barclay Goodrow in Heat zone.
19:24 of 3rd period - Snap shot by Patrik Laine.
19:24 of 3rd period - Goal by Patrik Laine - Heat : 4 - Condors : 4.
19:24 of 3rd period - Garret Sparks from Condors was sent back in the game.
19:25 of 3rd period - Peter Cehlarik wins face-off versus Patrik Laine in neutral zone.
19:59 of 3rd period - Minor Penalty to Brandon Hickey for Interference.
Goals for this period are 2 for Heat vs 1 for Condors.
Shots for this period are 9 for Heat vs 9 for Condors.
Overtime #1
0:01 of 1st overtime period - Ryan Spooner wins face-off versus Adam Erne in neutral zone.
0:11 of 1st overtime period - Wrist shot by Adam Erne.
0:11 of 1st overtime period - Goal by Adam Erne - Heat : 4 - Condors : 5.
Goals for this period are 0 for Heat vs 1 for Condors.
Shots for this period are 0 for Heat vs 1 for Condors.